[Event "Titled Tuesday Blitz June 28 Early 2022"]
[White "Wartiovaara, Oliver"]
[Black "Liyanage, Ranindu Dilshan"]
[WhiteFideId "513024"]
[BlackFideId "9915834"]
[WhiteElo "1971"]
[BlackElo "1858"]
[Result "0-1"]
[Round "01"]
[TimeControl "180+1"]
[Date "2022.06.28"]
[WhiteClock "0:00:02"]
[BlackClock "0:00:06"]

1. e4 e5 2. f4 Nc6 3. Nf3 d5 4. exd5 Qxd5 5. Nc3 Qe6 6. Bb5 exf4+ 7. Kf2 Be7 8. d4 a6 9. d5 Qf6 10. Bxc6+ bxc6 11. dxc6 Qxc6 12. Re1 Be6 13. Bxf4 Nf6 14. h3 O-O 15. Be3 Rad8 16. Qe2 Bc4 17. Ne5 Ne4+ 18. Nxe4 Bh4+ 19. g3 Qxe4 20. Nxc4 Bf6 21. c3 Rfe8 22. Rad1 h5 23. Rxd8 Rxd8 24. Qf3 Qxc4 25. Kg2 Qxa2 26. Re2 Qb1 27. Rf2 Rd1 28. Kh2 h4 29. Bd4 hxg3+ 30. Qxg3 Rh1+ 31. Kg2 Rg1+ 0-1


[Site "https://www.chess.com"]

[Event "Titled Tuesday Blitz June 28 Early 2022"]
[White "Xiong, Jeffery"]
[Black "Ivanov, Mike"]
[WhiteFideId "2047640"]
[BlackFideId "2613158"]
[WhiteElo "2714"]
[BlackElo "2182"]
[Result "1-0"]
[Round "01"]
[TimeControl "180+1"]
[Date "2022.06.28"]
[WhiteClock "0:00:24"]
[BlackClock "0:00:02"]

1. d4 Nf6 2. Nf3 g6 3. Nbd2 Bg7 4. e4 d6 5. c3 O-O 6. Be2 c5 7. dxc5 dxc5 8. O-O Nc6 9. Qc2 b6 10. Nc4 Qc7 11. Bg5 h6 12. Bh4 Nh5 13. Ne3 Nf4 14. Bb5 Ne5 15. Nxe5 Bxe5 16. Rad1 Bb7 17. Rd7 Qc8 18. Rxe7 Bd6 19. Rd7 Bc6 20. Rxd6 Bxb5 21. c4 Bc6 22. Rfd1 Ne6 23. Ng4 Kh7 24. Qd2 g5 25. Bg3 Rd8 26. h4 Rxd6 27. Qxd6 Qd8 28. f3 Qxd6 29. Rxd6 Be8 30. Be5 Kg6 31. Kf2 Rd8 32. h5+ 1-0


[Site "https://www.chess.com"]

[Event "Titled Tuesday Blitz June 28 Early 2022"]
[White "Yuan, Qingyu"]
[Black "Gueci, Tea"]
[WhiteFideId "8609772"]
[BlackFideId "872342"]
[WhiteElo "2359"]
[BlackElo "2142"]
[Result "1/2-1/2"]
[Round "01"]
[TimeControl "180+1"]
[Date "2022.06.28"]
[WhiteClock "0:00:09"]
[BlackClock "0:00:18"]

1. e4 g6 2. d4 Bg7 3. Nf3 d6 4. Bc4 c6 5. Qe2 Nf6 6. Bb3 O-O 7. h3 Qc7 8. O-O e5 9. dxe5 dxe5 10. Nbd2 Nbd7 11. c3 Nc5 12. Bc2 Ne6 13. Nc4 Nh5 14. a4 Nhf4 15. Qe3 Rd8 16. Kh2 b5 17. axb5 cxb5 18. Na5 Nc5 19. Nb3 Nxb3 20. Bxb3 h6 21. Rd1 Rxd1 22. Bxd1 a6 23. Bb3 Be6 24. Bxe6 Nxe6 25. Qe2 Qc6 26. Qc2 Rd8 27. Be3 Nd4 28. Bxd4 exd4 29. Rd1 Qc7+ 30. Kg1 dxc3 31. Rxd8+ Qxd8 32. bxc3 Qc7 33. Qa2 a5 34. e5 Qxc3 35. e6 fxe6 36. Qxe6+ Kh7 37. h4 Qf6 38. Qd5 a4 39. Qxb5 a3 40. Qa5 Qb2 41. h5 Qb1+ 42. Kh2 a2 43. hxg6+ Kxg6 44. Nh4+ Kh7 45. Qh5 a1=Q 46. f4 Qf6 47. g3 Qc2+ 48. Kh3 Qc8+ 49. f5 Qd7 50. Qg4 Qdd4 51. Qh5 Qa1 52. Qf3 Qac3 53. Qe4 Qcd4 54. Qf3 Qde5 55. Qg4 Kg8 56. Qh5 Kf8 57. Ng6+ Qxg6 58. Qxg6 Qf6 59. Qxf6+ Bxf6 60. Kg4 Bg5 61. Kh5 Kg7 62. Kg4 Kf6 63. Kh3 Kxf5 64. Kg2 Kg4 65. Kh1 Kxg3 66. Kg1 h5 67. Kh1 Bf4 68. Kg1 h4 69. Kh1 h3 70. Kg1 1/2-1/2


[Site "https://www.chess.com"]

[Event "Titled Tuesday Blitz June 28 Early 2022"]
[White "Zhigalko, Sergei"]
[Black "Pein, Jonathan"]
[WhiteFideId "13502956"]
[BlackFideId "417092"]
[WhiteElo "2662"]
[BlackElo "2140"]
[Result "1-0"]
[Round "01"]
[TimeControl "180+1"]
[Date "2022.06.28"]
[WhiteClock "0:00:22"]
[BlackClock "0:00:14"]

1. e4 e5 2. Nf3 d6 3. d4 exd4 4. Qxd4 Nf6 5. Nc3 Be7 6. Bf4 Be6 7. O-O-O O-O 8. Kb1 Nc6 9. Qd2 Rb8 10. Bd3 b5 11. Rhe1 Nb4 12. Bf1 Bc4 13. e5 dxe5 14. Qxd8 Rfxd8 15. Bxe5 Rxd1+ 16. Rxd1 Bxf1 17. Rxf1 Nbd5 18. Nxd5 Nxd5 19. Nd4 Bf6 20. Bxf6 Nxf6 21. Nc6 Re8 22. Nxa7 Ne4 23. Kc1 Nd6 24. Nc6 Re4 25. b3 g5 26. Rd1 Re2 27. Rd2 Re1+ 28. Kb2 Kg7 29. Nd4 Rg1 30. f3 Rh1 31. h3 Re1 32. Kc3 Ra1 33. Kb4 Rxa2 34. Nxb5 Nf5 35. Nxc7 Ne3 36. Kc3 Ra5 37. b4 Ra3+ 38. Kd4 Nf5+ 39. Kc4 Ne3+ 40. Kb5 Rc3 41. Nd5 Rxc2 42. Rxc2 Nxc2 43. Kc4 Kg6 44. b5 Na3+ 45. Kc5 Nxb5 46. Kxb5 Kf5 47. Kc4 Ke5 48. Ne3 Kf4 49. Nf1 h5 50. Kd3 f5 51. Ke2 g4 52. g3+ Ke5 53. f4+ Ke4 54. h4 Kd4 55. Ne3 Ke4 56. Kf2 1-0


[Site "https://www.chess.com"]

[Event "Titled Tuesday Blitz June 28 Early 2022"]
[White "Zochowski, Kacper"]
[Black "Ladopoulos, Dimitrios"]
[WhiteFideId "1125494"]
[BlackFideId "4239580"]
[WhiteElo "2214"]
[BlackElo "2195"]
[Result "0-1"]
[Round "01"]
[TimeControl "180+1"]
[Date "2022.06.28"]
[WhiteClock "0:00:40"]
[BlackClock "0:01:12"]

1. d4 e6 2. c4 b6 3. Nc3 Bb7 4. e4 Bb4 5. f3 f5 6. exf5 Nh6 7. fxe6 O-O 8. Nh3 dxe6 9. Bd3 Qh4+ 10. Nf2 Kh8 11. Be3 Nc6 12. Be4 Nf5 13. Bxf5 exf5 14. O-O Bd6 15. g3 Bxg3 16. hxg3 Qxg3+ 17. Kh1 Nxd4 18. Nce4 fxe4 19. Qxd4 Qh4+ 20. Kg1 Rxf3 21. Qe5 Rg3+ 22. Qxg3 Qxg3+ 23. Kh1 Qxe3 24. Rae1 Qf3+ 25. Kg1 e3 0-1


[Site "https://www.chess.com"]

[Event "Titled Tuesday Blitz June 28 Early 2022"]
[White "Adla, Diego"]
[Black "Livaic, Leon"]
[WhiteFideId "100072"]
[BlackFideId "14531534"]
[WhiteElo "2377"]
[BlackElo "2540"]
[Result "1/2-1/2"]
[Round "02"]
[TimeControl "180+1"]
[Date "2022.06.28"]
[WhiteClock "0:00:15"]
[BlackClock "0:00:10"]

1. c4 e6 2. Nf3 d5 3. g3 Nf6 4. Bg2 Be7 5. O-O O-O 6. d4 Nbd7 7. Qc2 c6 8. Rd1 b6 9. b3 Bb7 10. Nc3 Bb4 11. Bb2 a5 12. a3 Bxc3 13. Bxc3 Ne4 14. Nd2 Nxc3 15. Qxc3 f5 16. b4 Nf6 17. Rdc1 Ne4 18. Qe3 axb4 19. Nxe4 fxe4 20. axb4 Ba6 21. c5 bxc5 22. bxc5 Qf6 23. Ra3 Bb5 24. Rca1 Rxa3 25. Rxa3 e5 26. dxe5 Qxe5 27. Ra7 h6 28. h4 Qb2 29. Bf1 Qf6 30. Bg2 Re8 31. Rd7 Ra8 32. Bf1 Ra1 33. Kg2 Rd1 34. Rd6 Qa1 35. Qf4 Qa8 36. Qe5 Qf8 37. Qe6+ Kh8 38. Rd7 Ra1 39. Rf7 Qg8 40. g4 Ra8 41. g5 Rf8 42. g6 Re8 43. Qf5 d4 44. Rd7 Rd8 45. Rxd8 Qxd8 46. Qxe4 Bc4 47. Qf4 Qe7 48. Kg3 Qd8 49. Kg2 Bg8 50. Kg3 Qd5 51. Qd6 Qe4 52. Bg2 Qxe2 53. Qxd4 Qe6 54. Qd6 Qb3+ 55. Bf3 h5 56. Qxc6 Qb8+ 57. Qd6 Qe8 58. Qf4 Qxg6+ 59. Qg5 Qc2 60. Qxh5+ Bh7 61. Qe8+ Bg8 62. Qe4 Qxc5 63. Bg4 Qd6+ 64. Qf4 Qxf4+ 65. Kxf4 Kh7 66. Kg5 Kh8 67. h5 Bh7 68. h6 gxh6+ 69. Kxh6 Bd3 70. f4 Kg8 71. Kg5 Kf8 72. Bf5 Bb5 73. Be6 Bd3 74. Kf6 Bc2 75. Bf5 Bb3 76. Be4 Bc4 77. f5 Bf1 78. Kg5 Bh3 79. f6 Be6 80. Bg6 Bd5 81. Kf4 Bc4 82. Ke5 Bb3 83. Bf5 Ba2 84. Be6 Bb1 85. Kf4 Bg6 86. Kg5 Be8 1/2-1/2


[Site "https://www.chess.com"]

[Event "Titled Tuesday Blitz June 28 Early 2022"]
[White "Agasarov, Benik"]
[Black "Mendez Fortes, Eduardo Jesus"]
[WhiteFideId "13314823"]
[BlackFideId "3502376"]
[WhiteElo "2704"]
[BlackElo "2321"]
[Result "1-0"]
[Round "02"]
[TimeControl "180+1"]
[Date "2022.06.28"]
[WhiteClock "0:00:18"]
[BlackClock "0:00:08"]

1. c4 Nf6 2. Nc3 e6 3. e4 d5 4. e5 d4 5. exf6 dxc3 6. bxc3 Qxf6 7. Nf3 b6 8. d4 Bb7 9. Be2 Bd6 10. O-O h6 11. Rb1 c5 12. Ba3 Nd7 13. Qa4 Qe7 14. dxc5 Bxc5 15. Rbd1 Bxa3 16. Ne5 Bd6 17. Rxd6 Qxd6 18. Rd1 Qxe5 19. Qxd7+ Kf8 20. Qxb7 Rb8 21. Qxa7 g6 22. Rd7 Rh7 23. g3 Kg8 24. Bf3 Rf8 25. Qxb6 Qxc3 26. Qb3 Qc1+ 27. Kg2 h5 28. h4 Rg7 29. Rd1 Qh6 30. c5 g5 31. hxg5 Qxg5 32. c6 h4 33. g4 Qf4 34. Rh1 Rh7 35. Rh3 e5 36. Qc2 Kh8 37. c7 Rc8 38. a4 e4 39. Qxe4 Qxe4 40. Bxe4 Rg7 41. Rxh4+ Kg8 42. f3 Rxc7 43. Rh5 f6 44. Rb5 Rg5 45. Rb8+ Kg7 46. Ra8 Rgc5 47. a5 Rc1 48. a6 Ra1 49. Bb7 Kh6 50. Re8 Kg5 51. Re4 Rh7 52. Re2 Rhh1 53. Kf2 Kf4 54. Re4+ Kg5 55. Ke3 Rhe1+ 56. Kd4 Red1+ 57. Kc5 Rdc1+ 58. Kb6 Rab1+ 59. Ka7 Rh1 60. Kb8 Rh8+ 61. Kc7 Kh4 62. a7 Rh7+ 63. Kc6 Rc1+ 64. Kb6 Rb1+ 65. Ka6 Rhxb7 66. a8=Q R7b6+ 67. Ka7 Ra1+ 68. Kxb6 Rxa8 69. Rf4 Kg5 70. Rf5+ Kg6 71. Kc5 Rb8 72. Kd6 Ra8 73. Ke7 Ra7+ 74. Ke6 Ra6+ 75. Kd7 Ra7+ 76. Kc6 Ra3 77. Kd5 Ra5+ 78. Ke6 Ra6+ 79. Kd5 Ra5+ 80. Ke4 Ra4+ 81. Ke3 Ra3+ 82. Kf2 Ra2+ 83. Kg3 Ra3 84. Rc5 Ra6 85. Rb5 Ra4 86. Rb6 Ra5 87. Kh3 Ra3 88. Kg3 Ra5 89. Kh4 Rc5 90. f4 Rc4 91. f5+ Kg7 92. Rb7+ Kf8 93. Kh5 Rd4 94. Kg6 Rxg4+ 95. Kxf6 Kg8 96. Rb8+ Kh7 97. Kf7 Ra4 98. Rb7 Ra6 99. f6 Rc6 100. Ke7 Ra6 101. f7 Ra8 102. f8=Q Ra7 103. Rxa7 Kg6 104. Qf6+ 1-0


[Site "https://www.chess.com"]

[Event "Titled Tuesday Blitz June 28 Early 2022"]
[White "Ajay Krishna, S"]
[Black "Silva Lucena, Cristian"]
[WhiteFideId "5096430"]
[BlackFideId "2232588"]
[WhiteElo "2247"]
[BlackElo "2223"]
[Result "0-1"]
[Round "02"]
[TimeControl "180+1"]
[Date "2022.06.28"]
[WhiteClock "0:00:12"]
[BlackClock "0:00:23"]

1. d4 Nf6 2. c4 g6 3. Nc3 Bg7 4. g3 O-O 5. Bg2 d6 6. e4 e5 7. Nge2 Nc6 8. d5 Nd4 9. O-O Nd7 10. Nxd4 exd4 11. Nb5 Qf6 12. Nxc7 Rb8 13. h4 h6 14. Nb5 a6 15. Na3 b5 16. cxb5 axb5 17. Nc2 Nc5 18. Nb4 Bd7 19. Bf4 Rfe8 20. Re1 g5 21. hxg5 hxg5 22. Bd2 Re7 23. Rc1 Rbe8 24. Qh5 Nxe4 25. Rxe4 Rxe4 26. Bxe4 Rxe4 27. Bxg5 Qf5 28. Nc6 f6 29. Nb8 fxg5 30. Nxd7 Qxd7 31. Qxg5 d3 32. Qg6 Qe8 33. Qxd6 d2 34. Rc7 Re1+ 35. Kg2 Qe4+ 36. f3 Re2+ 37. Kh3 Qf5+ 38. g4 Qxf3+ 39. Kh4 Qf6+ 40. Qxf6 Bxf6+ 41. g5 Bxg5+ 42. Kxg5 d1=Q 43. Rc8+ Kf7 44. Rc7+ Re7 0-1


[Site "https://www.chess.com"]

[Event "Titled Tuesday Blitz June 28 Early 2022"]
[White "Aldokhin, Ivan"]
[Black "Molina, Roberto Junio Brito"]
[WhiteFideId "24115720"]
[BlackFideId "2109450"]
[WhiteElo "2231"]
[BlackElo "2432"]
[Result "0-1"]
[Round "02"]
[TimeControl "180+1"]
[Date "2022.06.28"]
[WhiteClock "0:00:07"]
[BlackClock "0:00:12"]

1. e4 c6 2. Nc3 d5 3. d4 dxe4 4. Nxe4 Nd7 5. Qe2 Ndf6 6. Nf3 Bg4 7. Neg5 Bh5 8. Bf4 h6 9. Ne4 Nxe4 10. Qxe4 Nf6 11. Qd3 Bxf3 12. gxf3 e6 13. O-O-O Bd6 14. Bd2 Qc7 15. h4 g6 16. Bh3 Bf4 17. Bxf4 Qxf4+ 18. Qe3 Nd5 19. Qxf4 Nxf4 20. c3 Ke7 21. Kc2 Rhd8 22. Bf1 Nd5 23. Bc4 Nf4 24. Rde1 Kf6 25. Re4 Nh5 26. Bb3 Rac8 27. Rhe1 Rd6 28. a4 Rc7 29. Re5 b6 30. a5 b5 31. a6 Ng7 32. Kb1 h5 33. Bc2 Rd5 34. Ka2 Ne8 35. Rxd5 cxd5 36. Kb3 Rc6 37. Ra1 Nc7 38. Kb4 Rb6 39. Bd3 Nxa6+ 40. Ka5 Nc7 41. Kb4 Na6+ 42. Ka5 Ke7 43. Ra2 Nc7 44. Kb4 a6 45. Kc5 Rd6 46. b3 Kd7 47. Ra1 Rc6+ 48. Kb4 Kd6 49. Ra2 Ne8 50. Ra3 Nf6 51. Ra2 Ng8 52. Rc2 Ne7 53. c4 bxc4 54. bxc4 dxc4 55. Bxc4 Nd5+ 56. Kb3 a5 57. Ra2 Rb6+ 58. Ka3 Rb4 59. Bb3 Rxd4 60. Rc2 Rd3 61. Rc4 Rxf3 62. Ka4 Rxf2 63. Kb5 Rf4 64. Ba4 Rxc4 65. Kxc4 Nb6+ 66. Kb3 Nxa4 67. Kxa4 Ke5 68. Kxa5 Kf4 69. Kb4 Kg4 70. Kc3 Kxh4 71. Kd3 Kg3 72. Ke4 f6 73. Ke3 e5 0-1


[Site "https://www.chess.com"]

[Event "Titled Tuesday Blitz June 28 Early 2022"]
[White "Alinasab, Mobina"]
[Black "Shton, Roman"]
[WhiteFideId "12528897"]
[BlackFideId "14137461"]
[WhiteElo "2031"]
[BlackElo "2013"]
[Result "1-0"]
[Round "02"]
[TimeControl "180+1"]
[Date "2022.06.28"]
[WhiteClock "0:00:08"]
[BlackClock "0:00:22"]

1. Nf3 d5 2. g3 Nf6 3. Bg2 Bf5 4. O-O c6 5. d4 Nbd7 6. b3 e6 7. Bb2 Bd6 8. c4 O-O 9. Nc3 h6 10. Nd2 Re8 11. e4 dxe4 12. Ndxe4 Nxe4 13. Nxe4 Bc7 14. Qe2 e5 15. d5 cxd5 16. cxd5 Nf6 17. Nc3 e4 18. Qd2 Bb6 19. Rfe1 Ng4 20. Nd1 Nxf2 21. Ne3 Nd3 22. Rf1 Nxb2 23. Rxf5 Nd3 24. Kh1 g6 25. Rff1 f5 26. Nc4 Bd4 27. Rad1 b5 28. Na5 Bc5 29. Nb7 Qg5 30. Qe2 Bd4 31. d6 Bb6 32. Rxd3 exd3 33. Qxd3 Qe3 34. Qd5+ Kg7 35. d7 Re5 36. Qd1 Rb8 37. d8=Q Bxd8 38. Nxd8 Rb6 39. Nc6 Re6 40. Qd4+ Qxd4 41. Nxd4 Red6 42. Nf3 Ra6 43. Ra1 Rd3 44. Kg1 Rxb3 45. axb3 Rxa1+ 46. Kf2 Rb1 47. Nd4 b4 48. Bc6 Rb2+ 49. Kg1 a5 50. Ba4 Kf6 51. Nc6 Kg5 52. Nxa5 f4 53. gxf4+ Kxf4 54. Nc6 Kf3 55. Ne5+ Ke2 56. Bb5+ Kd2 57. Nc4+ Kc3 58. Nxb2 Kxb2 59. Bc4 g5 60. Kf2 Kc3 61. Kg3 Kd4 62. Kg4 Ke5 63. Kh5 Kf6 64. Kxh6 Kf5 65. Kh5 g4 66. Be2 Kf4 67. Bxg4 Ke3 68. Be6 Kd3 69. Kg6 Kc3 70. h4 Kb2 71. h5 Ka3 1-0


[Site "https://www.chess.com"]

[Event "Titled Tuesday Blitz June 28 Early 2022"]
[White "Al-Tarboush, Ward"]
[Black "Gallegos Diaz, Carlos Alberto"]
[WhiteFideId "7601450"]
[BlackFideId "3900886"]
[WhiteElo "2249"]
[BlackElo "2362"]
[Result "0-1"]
[Round "02"]
[TimeControl "180+1"]
[Date "2022.06.28"]
[WhiteClock "0:00:02"]
[BlackClock "0:00:18"]

1. e4 c5 2. Nf3 d6 3. d4 cxd4 4. Nxd4 Nf6 5. Nc3 a6 6. h3 e6 7. g4 Be7 8. g5 Nfd7 9. h4 Nc6 10. Be3 Qc7 11. f4 b5 12. Nb3 Bb7 13. Bg2 Nb6 14. Qe2 Nc4 15. O-O-O Nxe3 16. Qxe3 Na5 17. Nxa5 Qxa5 18. Rhe1 Rc8 19. a3 b4 20. axb4 Qxb4 21. f5 Rb8 22. Rd4 Qb6 23. Na4 Qa5 24. Red1 Qe5 25. Qd3 O-O 26. f6 gxf6 27. gxf6 Bxf6 28. Rxd6 Rfd8 29. Kb1 Bc6 30. Nc3 Rxd6 31. Qxd6 Rxb2+ 32. Kxb2 Qxc3+ 33. Kc1 Bb5 34. Qb8+ Kg7 35. Qb6 Qa1+ 36. Kd2 Bc3+ 37. Ke3 Qxd1 38. Bf3 Qg1+ 0-1


[Site "https://www.chess.com"]

[Event "Titled Tuesday Blitz June 28 Early 2022"]
[White "Andrews, Todd"]
[Black "Thorhallsson, Simon"]
[WhiteFideId "2012456"]
[BlackFideId "2310090"]
[WhiteElo "2377"]
[BlackElo "2137"]
[Result "0-1"]
[Round "02"]
[TimeControl "180+1"]
[Date "2022.06.28"]
[WhiteClock "0:00:34"]
[BlackClock "0:00:59"]

1. e4 d5 2. exd5 Qxd5 3. Nc3 Qd6 4. d4 Nf6 5. h3 c6 6. Nf3 Bf5 7. Bd3 Bxd3 8. Qxd3 e6 9. O-O Be7 10. Ne4 Nxe4 11. Qxe4 O-O 12. Bf4 Qd8 13. Rad1 Nd7 14. c4 Bf6 15. Rfe1 Qb6 16. b3 Rfe8 17. g4 h6 18. h4 c5 19. d5 exd5 20. Qxd5 Nf8 21. g5 hxg5 22. hxg5 Bc3 23. Rxe8 Rxe8 24. Kg2 Ne6 25. Bd6 Rd8 26. Kg3 Bd4 27. Rxd4 Nxd4 28. g6 Qxd6+ 29. Qxd6 Rxd6 30. gxf7+ Kxf7 0-1


[Site "https://www.chess.com"]

[Event "Titled Tuesday Blitz June 28 Early 2022"]
[White "Aradhya, Garg"]
[Black "Le, Quang Liem"]
[WhiteFideId "25006746"]
[BlackFideId "12401137"]
[WhiteElo "2203"]
[BlackElo "2657"]
[Result "0-1"]
[Round "02"]
[TimeControl "180+1"]
[Date "2022.06.28"]
[WhiteClock "0:00:05"]
[BlackClock "0:00:19"]

1. d4 Nf6 2. c4 g6 3. g3 Bg7 4. Bg2 d5 5. cxd5 Nxd5 6. e4 Nb6 7. Ne2 c5 8. d5 O-O 9. O-O e6 10. Nbc3 Na6 11. Bf4 h6 12. b3 exd5 13. exd5 Re8 14. Rc1 Bf5 15. Qd2 g5 16. Be3 Rc8 17. d6 Qd7 18. Rfd1 Nb4 19. Nd5 N6xd5 20. Bxd5 Nxd5 21. Qxd5 Be4 22. Qd2 Qh3 23. f3 Bxf3 24. Nc3 Bxc3 25. Rxc3 Bxd1 26. d7 Bf3 27. Rxc5 Rcd8 28. dxe8=Q+ Rxe8 29. Rc2 Qf5 30. Rc5 Qe4 31. Bxg5 hxg5 32. Qxg5+ Kh7 33. Qf5+ Kg7 34. Qg5+ Qg6 35. Qd2 Qf6 36. Rg5+ Kh8 37. Rc5 Bc6 38. Qc3 Qxc3 39. Rxc3 Re2 40. a4 Rg2+ 41. Kf1 Rxh2 42. a5 a6 43. Kg1 Ra2 44. Rc5 Rg2+ 45. Kf1 Rxg3 46. b4 Rg6 47. Ke1 Kg7 48. Kd2 Kf8 49. Kc3 Ke7 50. Re5+ Kd6 51. Rh5 Rg3+ 52. Kd4 Rg4+ 53. Kc3 Bd5 54. Rh6+ Be6 55. Rh5 Rc4+ 56. Kd3 Rxb4 57. Rg5 Rb5 58. Rg8 Rxa5 59. Kc3 Ra3+ 60. Kb4 Rb3+ 61. Ka4 Rb5 62. Rd8+ Bd7 63. Rf8 f5 64. Ka3 Kc7 65. Rf6 Rb6 66. Rf8 Rd6 67. Kb4 Rd4+ 68. Kc3 Re4 69. Rf7 a5 70. Kd3 b5 71. Rf8 b4 72. Ra8 a4 73. Ra7+ Kd6 74. Rb7 Bc6 75. Rb5 Bxb5+ 76. Kd2 a3 77. Kc2 Kc5 0-1


[Site "https://www.chess.com"]

[Event "Titled Tuesday Blitz June 28 Early 2022"]
[White "Ardila, Oscar Humberto"]
[Black "Ozdemir, Serhan Berat"]
[WhiteFideId "4404742"]
[BlackFideId "6374611"]
[WhiteElo "1956"]
[BlackElo "1920"]
[Result "1-0"]
[Round "02"]
[TimeControl "180+1"]
[Date "2022.06.28"]
[WhiteClock "0:00:49"]
[BlackClock "0:00:01"]

1. d4 Nf6 2. c4 g6 3. Nc3 Bg7 4. Nf3 O-O 5. Bf4 c5 6. d5 e6 7. e3 exd5 8. cxd5 d6 9. h3 a6 10. a4 Re8 11. Be2 Ne4 12. Nxe4 Rxe4 13. Qc2 Rb4 14. Ra2 Bf5 15. Qd2 Bb1 16. Ra1 Rxb2 17. Qxb2 Bxb2 18. Rxb1 Bc3+ 19. Kf1 b5 20. axb5 axb5 21. Bxb5 Na6 22. Rb3 Bf6 23. g4 Nb4 24. Kg2 Nxd5 25. Bc6 Nxf4+ 26. exf4 Rb8 27. Rd3 Rb4 28. Kg3 c4 29. Rdd1 Qc7 30. Bd5 c3 31. Rhe1 c2 32. Re8+ Kg7 33. Rc1 Bb2 34. Rxc2 Qxc2 35. Re7 Rxf4 36. Kxf4 Be5+ 37. Ke3 Qc3+ 38. Ke2 Qc2+ 39. Nd2 Qc3 40. Rxf7+ Kh6 41. h4 Bf4 42. g5+ Kh5 43. Rxh7+ Kg4 44. Be6# 1-0


[Site "https://www.chess.com"]

[Event "Titled Tuesday Blitz June 28 Early 2022"]
[White "Atabayev, Saparmyrat"]
[Black "Ingebretsen, Jens E"]
[WhiteFideId "14000571"]
[BlackFideId "1522965"]
[WhiteElo "2483"]
[BlackElo "2036"]
[Result "1-0"]
[Round "02"]
[TimeControl "180+1"]
[Date "2022.06.28"]
[WhiteClock "0:02:36"]
[BlackClock "0:01:25"]

1. e4 e5 2. Nf3 Nc6 3. Bb5 a6 4. Bxc6 dxc6 5. Nc3 Qf6 6. d4 exd4 7. Bg5 Qd6 8. Qxd4 Bg4 9. O-O-O Qxd4 10. Rxd4 Bc5 11. Rd2 f6 12. Bf4 Bb6 13. Na4 Bxf3 14. gxf3 Ne7 15. Nxb6 cxb6 16. Rhd1 O-O 17. Rd7 Ng6 18. Bg3 h5 19. Rxb7 b5 20. Rdd7 1-0


[Site "https://www.chess.com"]

[Event "Titled Tuesday Blitz June 28 Early 2022"]
[White "Averjanov, Alexey"]
[Black "Novikova, Galina"]
[WhiteFideId "14109867"]
[BlackFideId "4157095"]
[WhiteElo "2713"]
[BlackElo "1863"]
[Result "1-0"]
[Round "02"]
[TimeControl "180+1"]
[Date "2022.06.28"]
[WhiteClock "0:00:55"]
[BlackClock "0:00:03"]

1. d4 Nf6 2. c4 e5 3. dxe5 Ng4 4. Nf3 Bc5 5. e3 Nc6 6. b3 Qe7 7. Bb2 Ngxe5 8. Nxe5 Nxe5 9. Be2 d6 10. Nc3 O-O 11. Nd5 Qg5 12. O-O Bh3 13. Nf4 Bd7 14. g3 Ng6 15. Nxg6 hxg6 16. Bf3 Bc6 17. Bxc6 bxc6 18. Qf3 d5 19. cxd5 cxd5 20. Rac1 Bb6 21. Rfd1 Rad8 22. Bd4 Rd7 23. Kg2 Rfd8 24. Rc6 Rd6 25. Rxd6 Rxd6 26. h4 Qd8 27. b4 Qd7 28. a3 Kh7 29. Bc5 Bxc5 30. bxc5 Rf6 31. Qxd5 Qa4 32. Rd3 Qc2 33. Rd2 Qc1 34. a4 c6 35. Qd4 Rf5 36. Rb2 Rxc5 37. Rb7 Rf5 38. Rxa7 Qc2 39. e4 c5 40. Qe3 Rf6 41. Rc7 c4 42. Qd4 Qxa4 43. Rxc4 Qa8 44. Qd5 Qa2 45. Qd4 Qa8 46. Rc3 Qb7 47. Re3 Re6 48. Kh2 Qa8 49. Qd5 Qa2 50. Qxa2 1-0


[Site "https://www.chess.com"]

[Event "Titled Tuesday Blitz June 28 Early 2022"]
[White "Baches Garcia, Guillermo"]
[Black "Rosenberg, Evan S"]
[WhiteFideId "2209764"]
[BlackFideId "2019299"]
[WhiteElo "2461"]
[BlackElo "2144"]
[Result "1-0"]
[Round "02"]
[TimeControl "180+1"]
[Date "2022.06.28"]
[WhiteClock "0:00:54"]
[BlackClock "0:00:01"]

1. e4 e6 2. d4 d5 3. exd5 exd5 4. Nf3 Nf6 5. Bd3 c5 6. O-O c4 7. Re1+ Be7 8. Bf1 O-O 9. Nc3 Bg4 10. h3 Bh5 11. g4 Bg6 12. Ne5 Nc6 13. Bg2 Re8 14. Nxg6 hxg6 15. g5 Ne4 16. Nxe4 dxe4 17. Rxe4 Qa5 18. d5 Rad8 19. Rxc4 Ne5 20. Rc3 Bb4 21. Re3 Nc4 22. Rxe8+ Rxe8 23. c3 Bd6 24. a4 Qc7 25. b3 Na5 26. c4 Be5 27. Ra2 Bc3 28. Be3 b6 29. Qd3 Bb4 30. Re2 Nb7 31. Bf4 Qd8 32. Rxe8+ Qxe8 33. Qe3 Qxe3 34. fxe3 Kf8 35. Be4 Ke7 36. Bc2 Nc5 37. Kg2 Nd7 38. Kf3 a5 39. h4 Nc5 40. e4 Nd7 41. e5 Nc5 42. Bd1 Bc3 43. Bc2 1-0


[Site "https://www.chess.com"]

[Event "Titled Tuesday Blitz June 28 Early 2022"]
[White "Bagrationi, Alexander"]
[Black "Zhigalko, Sergei"]
[WhiteFideId "14104954"]
[BlackFideId "13502956"]
[WhiteElo "2398"]
[BlackElo "2662"]
[Result "1-0"]
[Round "02"]
[TimeControl "180+1"]
[Date "2022.06.28"]
[WhiteClock "0:00:08"]
[BlackClock "0:00:04"]

1. d4 Nf6 2. c4 e6 3. Nf3 b6 4. a3 Ba6 5. Qa4 Bb7 6. Nbd2 c5 7. dxc5 bxc5 8. g3 Be7 9. Bg2 O-O 10. O-O Qb6 11. Qc2 d6 12. b3 Nc6 13. Bb2 h6 14. Bc3 a5 15. Rab1 Rfc8 16. e3 d5 17. cxd5 exd5 18. Ba1 Nd7 19. Bh3 Rd8 20. Rfc1 d4 21. Nc4 Qa7 22. e4 Nf8 23. Ne1 Bc8 24. Bxc8 Raxc8 25. Nd3 Nd7 26. f4 Nb6 27. Nxb6 Qxb6 28. Qc4 Na7 29. Ne5 Qf6 30. Rf1 Nc6 31. Nd3 Qg6 32. Rbe1 Nb8 33. f5 Qa6 34. e5 Bg5 35. e6 Be3+ 36. Kg2 Qxc4 37. bxc4 fxe6 38. fxe6 Re8 39. Nf4 Nc6 40. Rb1 Ne5 41. Nd5 Nxc4 42. Rb7 Nd6 43. Rd7 Rxe6 44. Ne7+ Rxe7 45. Rxe7 Bg5 46. Rd7 Rd8 47. Rxd8+ Bxd8 48. Rc1 Ne4 49. Bxd4 Bg5 50. Re1 cxd4 51. Rxe4 d3 52. h4 Bf6 53. Kf3 Bb2 54. a4 Bc3 55. Ke3 d2 56. Ke2 Kf7 57. Rc4 Bb4 58. Rc6 h5 59. Kd1 g6 60. Rc4 Kf6 61. Rxb4 axb4 62. Kxd2 Kf5 63. a5 Kg4 64. a6 Kxg3 65. a7 Kxh4 66. a8=Q g5 67. Qg2 g4 68. Ke3 b3 69. Kf4 b2 70. Qg3# 1-0


[Site "https://www.chess.com"]

[Event "Titled Tuesday Blitz June 28 Early 2022"]
[White "Balint, Vilmos"]
[Black "Iinuma, Paul Y"]
[WhiteFideId "718050"]
[BlackFideId "2031809"]
[WhiteElo "2059"]
[BlackElo "2052"]
[Result "1-0"]
[Round "02"]
[TimeControl "180+1"]
[Date "2022.06.28"]
[WhiteClock "0:01:22"]
[BlackClock "0:00:21"]

1. e4 e5 2. f4 d5 3. exd5 exf4 4. Nf3 Nf6 5. Bc4 Nxd5 6. O-O Be7 7. Nc3 Nb6 8. Bb3 O-O 9. d4 Bd6 10. Ne4 Nc6 11. c4 Be7 12. Bxf4 Bg4 13. d5 Na5 14. Qd3 Nxb3 15. axb3 Re8 16. Ne5 Bf5 17. Bg3 Bc5+ 18. Kh1 Bxe4 19. Qxe4 f6 20. Qf5 fxe5 21. Bxe5 Rf8 22. Qe6+ Kh8 23. Rxf8+ Bxf8 24. Rf1 Nd7 25. Bc3 Bd6 26. Rf7 Qe8 27. Bxg7+ Kg8 28. Re7+ 1-0


[Site "https://www.chess.com"]

[Event "Titled Tuesday Blitz June 28 Early 2022"]
[White "Barp, Alberto"]
[Black "Melikhov, Evgeny V."]
[WhiteFideId "872555"]
[BlackFideId "4122046"]
[WhiteElo "2229"]
[BlackElo "1904"]
[Result "1-0"]
[Round "02"]
[TimeControl "180+1"]
[Date "2022.06.28"]
[WhiteClock "0:01:34"]
[BlackClock "0:00:35"]

1. d4 Nf6 2. c4 e6 3. g3 d5 4. Bg2 dxc4 5. Qa4+ Bd7 6. Qxc4 Bc6 7. Nf3 Qd5 8. Qxd5 Bxd5 9. O-O Be7 10. Nc3 O-O 11. Bf4 Bxf3 12. Bxf3 c6 13. e4 Nbd7 14. Rfd1 Nb6 15. Rac1 Rfd8 16. Be3 Nc4 17. b3 Nxe3 18. fxe3 Rd7 19. Kf2 Rad8 20. Ke2 Kf8 21. e5 Nd5 22. Ne4 f6 23. exf6 gxf6 24. g4 f5 25. Nc5 Bxc5 26. Rxc5 fxg4 27. Bxg4 Ke7 28. Bf3 Kd6 29. e4 Nc7 30. Rh5 Rf8 31. e5+ Ke7 32. Rxh7+ Kd8 33. Rxd7+ Kxd7 34. Ke3 Rh8 35. Rh1 Nd5+ 36. Bxd5 exd5 37. h4 Ke6 38. Kf4 Rf8+ 39. Kg4 Rg8+ 40. Kf4 Rf8+ 41. Ke3 c5 42. dxc5 Kxe5 43. h5 d4+ 44. Kd3 Rf3+ 45. Ke2 Rf7 46. h6 Rh7 47. Kd3 b6 48. cxb6 axb6 49. Rh5+ Kd6 50. Kxd4 Kc6 51. Ke5 b5 52. Kf6 b4 53. Kg6 Rd7 54. h7 1-0


[Site "https://www.chess.com"]